 Dungeon Crawl Stone Soup version 0.20-a0-507-gc86f373 (webtiles) character file.

138454 nono the Protected (level 17, -1/115 HPs)
             Began as a Halfling Berserker on Jan 21, 2017.
             Was an Elder of Trog.
             Slain by an entropy weaver (6 damage)
             ... on level 1 of the Spider Nest.
             The game lasted 02:16:50 (24100 turns).

nono the Protected (Halfling Berserker)            Turns: 24100, Time: 02:16:51

Health: -1/115     AC:  3    Str: 22 (23) XL:     17   Next: 86%
Magic:  17/17      EV: 16    Int:  3 (5)  God:    Trog [****..]
Gold:   2210       SH: 20    Dex: 16 (18) Spells: 16/16 levels left

rFire    + . .     SeeInvis .   X - +2 long sword (vamp)
rCold    . . .     Gourm    .   s - +2 plate armour {rPois}
rNeg     . . .     Faith    .   g - +1 shield
rPois    +         Spirit   .   w - +0 helmet (curse)
rElec    .         Reflect  +   u - +0 cloak {MR+}
rCorr    .         Harm     .   n - +0 pair of gloves
MR       +++..                  (no boots)
Stlth    ..........             J - +4 amulet of reflection
Regen    0.3/turn               h - ring of protection from fire
                                Z - ring of protection from magic

@: exhausted, corroded, slowed, very slow
A: thin skeletal structure 1, mutation resistance 1
a: Berserk, Trog's Hand, Brothers in Arms, Burn Spellbooks, Renounce Religion


You were on level 1 of the Spider Nest.
You worshipped Trog.
Trog was greatly pleased with you.
You were hungry.

You visited 5 branches of the dungeon, and saw 26 of its levels.
You also visited: Ossuary and Bailey.

You collected 3274 gold pieces.
You spent 1064 gold pieces at shops.

Inventory:

Hand Weapons
 a - a +1 fustibalus of flaming
 b - the +3 scimitar of the Revolution {freeze, Str+4}
   (Trog gifted it to you in a bailey)

   It has been specially enchanted to freeze those struck by it, causing extra
   injury to most foes and up to half again as much damage against particularly
   susceptible opponents.
   It can also slow down cold-blooded creatures.
   It affects your strength (+4).
 C - a +3 scimitar of holy wrath
 I - a +4 scimitar of flaming
 Q - the +3 dagger "Nedoa" {freeze, +Inv rC+}
   (You found it on level 8 of the Dungeon)

   It has been specially enchanted to freeze those struck by it, causing extra
   injury to most foes and up to half again as much damage against particularly
   susceptible opponents.
   It can also slow down cold-blooded creatures.
   It protects you from cold.
   It lets you turn invisible.
 V - a +2 long sword of electrocution
 W - a +3 dagger of venom
 X - a +2 vampiric long sword (weapon)
Missiles
 U - 120 sling bullets
Armour
 g - a +1 shield (worn)
 n - a +0 pair of gloves (worn)
 s - a +2 plate armour of poison resistance (worn)
 u - a +0 cloak of magic resistance (worn)
 w - a cursed +0 helmet (worn)
 D - the +6 plate armour "Xegom" {Str+5}
   (You found it on level 5 of the Dungeon)

   It affects your strength (+5).
Jewellery
 h - a ring of protection from fire (right hand)
 J - a +4 amulet of reflection (around neck)
 Z - a ring of protection from magic (left hand)
Wands
 y - a wand of confusion (11/48)
 G - a wand of flame (22/48)
 K - a wand of iceblast (8/15)
 M - a wand of lightning (0/15)
 S - a wand of confusion (34/48)
 T - a wand of lightning (15/15)
Scrolls
 e - 8 scrolls of identify
 i - 7 scrolls of enchant weapon
 j - 5 scrolls of fear
 k - 3 scrolls of fog
 m - 6 scrolls of magic mapping
 o - 13 scrolls of remove curse
 q - 7 scrolls of recharging
 v - 8 scrolls of teleportation
 z - 3 scrolls of blinking
 A - a scroll of enchant armour
 H - a scroll of silence
 L - a scroll of brand weapon
Potions
 p - 9 potions of curing
 r - 5 potions of agility
 t - 3 potions of haste
 x - 4 potions of heal wounds
 B - 5 potions of brilliance
 E - 5 potions of berserk rage
 F - 2 potions of might
 O - 2 potions of resistance
 Y - a potion of magic
Books
 N - a book of Minor Magic

   Spells                             Type                      Level
   a - Magic Dart                     Conjuration                  1
   b - Blink                          Translocation                2
   c - Call Imp                       Summoning                    2
   d - Repel Missiles                 Charms/Air                   2
   e - Slow                           Hexes                        2
   f - Conjure Flame                  Conjuration/Fire             3
   g - Mephitic Cloud                 Conjuration/Poison/Air       3
   Trog disapproves of the use of such an item.
Miscellaneous
 l - a fan of gales
 P - a lightning rod (3/4)
Comestibles
 c - 5 bread rations
 d - 14 meat rations
 f - 19 royal jellies
 R - 14 fruits


   Skills:
 - Level 10.0 Fighting
 - Level 14.1 Long Blades
 + Level 12.1 Slings
 - Level 14.9 Armour
 - Level 13.0 Dodging
 - Level 14.5 Shields


You had 16 spell levels left.
You didn't know any spells.

Dungeon Overview and Level Annotations

Branches:
Dungeon (15/15)            Temple (0/1) D:5            Lair (6/6) D:8
 Shoals (0/4) Lair:4       Spider (2/4) Lair:3        Slime (0/5) Lair:5
    Orc (2/2) D:12            Elf (0/3) Orc:2        Vaults (0/5) D:14
 Depths (1/5) D:15

Altars:
Elyvilon
Fedhas
Nemelex Xobeh
Okawaru
Ru
Sif Muna
Trog
Vehumet
Xom
Zin
The Shining One
Beogh
Jiyva

Shops:
D:5 !   D:6 %   D:8 ??   D:15 [[(!   Orc:2 ([:=%

Portals:
Abyss: Depths:1
Trove: D:10 (give 19 scrolls of identify)

Annotations:
D:14 exclusion: door


Innate Abilities, Weirdness & Mutations

You are small and have problems with some larger weapons.
You are somewhat resistant to further mutation.
You have a somewhat thin skeletal structure. (Dex +2, Stealth)


Message History

The entropy weaver is lightly wounded.
You feel sick.
The entropy weaver gestures wildly while chanting.
The entropic weave corrodes you!
Your plate armour prevents you from hitting the entropy weaver.
The entropy weaver is lightly wounded.
You are no longer berserk.
You are exhausted.
You feel yourself slow down.
* * * LOW HITPOINT WARNING * * *
You feel sick.
You feel better. You block the entropy weaver's attack.
The entropy weaver hits you but does no damage.
The entropy weaver hits you!
* * * LOW HITPOINT WARNING * * *
The entropy weaver completely misses you.
You block the entropy weaver's attack. The entropy weaver hits you!
* * * LOW HITPOINT WARNING * * *
The entropy weaver hits you.
You die...

#### ##..#..#....(.... ##..##
###........#......#
##...†#####..#.##...#..##....
#####....†^##......###....#.#.^.#
.##.....^####...#..#......^.....#
#.....#...##...#.#......#..#..(..
...#...#......#.......#.^........
....#†..#..#..#††.#.........#....
..........#....a@................
.#.##..#.#..#..#.............#.#.
......##........#..#...#.........
.##..........#...........#...#.[#
...#......#.#.#.......#(...#.#...
....#............#.........#.....
...#...........##.....#..#.......
........#..#.....#........#...#..
...#.........#.#........#...#....


You could see an entropy weaver.

Vanquished Creatures
  A stone giant (Depths:1)
  Snorg (Lair:4)
  Erolcha (D:9)
  3 hydras
  3 vault guards (D:14)
  A rakshasa (D:15)
  2 centaur warriors
  4 two-headed ogres
  7 death yaks
  A tengu warrior (Depths:1)
  Urug (Lair:2)
  4 skeletal warriors (D:15)
  2 unseen horrors
  A wizard (D:14)
  A lindwurm (Lair:5)
  4 orc knights
  5 wolf spiders
  4 orb spiders (Spider:1)
  A deep elf mage (D:13)
  3 orc sorcerers (Orc:2)
  3 necromancers (D:14)
  14 ugly things
  A manticore (D:11)
  A salamander (shapeshifter) (D:15)
  3 cyclopes
  8 elephants
  A black mamba (shapeshifter) (D:15)
  A merfolk siren (Lair:4)
  4 black mambas
  9 spiny frogs
  A rime drake (Lair:6)
  2 demonic crawlers
  10 komodo dragons
  An efreet (D:14)
  5 trolls
  10 jumping spiders
  3 merfolk (Lair:4)
  A meliai (Lair:3)
  5 hornets (Lair:6)
  9 polar bears
  Prince Ribbit (D:8)
  5 slime creatures
  Grinder (D:4)
  23 blink frogs
  4 hippogriffs
  A dream sheep (Lair:6)
  12 spriggans (Lair:6)
  33 redbacks
  A vampire (D:14)
  3 wyverns
  51 yaks
  7 tarantellas
  18 humans (D:14)
  3 basilisks
  3 hungry ghosts
  2 wraiths
  Grum (D:9)
  Menkaure (D:7)
  2 wargs (Orc:2)
  A soldier ant (D:15)
  15 water moccasins
  12 porcupines
  A phantom (D:4)
  4 sky beasts
  45 orc warriors
  2 ice beasts
  11 black bears
  15 ogres
  An ogre (shapeshifter) (D:15)
  12 boggarts
  A necrophage (D:15)
  25 wolves
  12 centaurs
  14 crocodiles
  3 big kobolds
  19 bullfrogs
  7 scorpions
  2 vampire bats (Orc:1)
  7 wights (D:9)
  2 howler monkeys
  5 crimson imps
  3 centaur zombies
  A quasit (D:10)
  3 bullfrog zombies
  10 hounds
  2 centaur skeletons
  A human zombie (Ossuary)
  6 jellies
  26 orc priests
  40 orc wizards
  Jessica (D:3)
  A bullfrog skeleton (D:7)
  4 iguanas
  13 worker ants
  4 hell rats (Lair:3)
  A big kobold zombie (Ossuary)
  A hound skeleton (D:6)
  4 mummies
  2 worker ant zombies
  13 adders
  3 shadow imps
  8 oozes
  2 worms (D:2)
  2 dart slugs
  6 leopard geckos
  152 orcs
  13 bats
  5 giant cockroaches
  A gnoll zombie (Ossuary)
  6 goblins
  16 hobgoblins
  22 jackals
  6 quokkas
  4 ball pythons
  A ball python zombie (D:5)
  3 frilled lizards
  A goblin zombie (Ossuary)
  2 hobgoblin zombies (Ossuary)
  15 kobolds
  A leopard gecko skeleton (D:5)
  An orc zombie (Ossuary)
  A quokka skeleton (D:4)
  8 rats
  2 fungi (Lair:5)
947 creatures vanquished.

Vanquished Creatures (collateral kills)
  Saint Roka (Orc:2)
  Rupert (Lair:4)
  A ghost moth (Spider:1)
  An entropy weaver (Lair:3)
  3 death yaks (Lair:4)
  3 wolf spiders
  2 orb spiders (Spider:1)
  Psyche (D:9)
  5 jumping spiders (Spider:1)
  17 redbacks (Spider:1)
  4 tarantellas (Spider:1)
  A yak (D:9)
  An orc priest (Orc:2)
  An orc (Orc:2)
42 creatures vanquished.

Vanquished Creatures (others)
  Nessos (D:14)
  A centaur warrior (D:14)
  A cyclops (Orc:2)
  An orc warrior (Orc:2)
  3 centaurs
  2 orcs
  A kobold (D:9)
  A bush (Lair:6)
  20 fungi
  15 plants
46 creatures vanquished.

Grand Total: 1035 creatures vanquished

Notes
Turn   | Place    | Note
-------+----------+-------------------------------------------
     0 | D:1      | nono the Halfling Berserker began the quest for the Orb.
     0 | D:1      | Reached XP level 1. HP: 15/15 MP: 1/1
   116 | D:1      | Reached XP level 2. HP: 15/20 MP: 2/2
   197 | D:1      | Reached XP level 3. HP: 18/25 MP: 3/3
   457 | D:1      | Reached ** piety under Trog
   778 | D:2      | Reached XP level 4. HP: 30/30 MP: 4/4
   785 | D:2      | Reached skill level 1 in Shields
   962 | D:2      | Found a glowing silver altar of Zin.
  1103 | D:2      | Found a sparkling altar of Nemelex Xobeh.
  1175 | D:2      | Found a deep blue altar of Sif Muna.
  1366 | D:2      | Reached *** piety under Trog
  1553 | D:3      | Reached XP level 5. HP: 26/35 MP: 5/5
  1628 | D:3      | Noticed Jessica
  1638 | D:3      | Killed Jessica
  1867 | D:3      | You fall through a shaft!
  1873 | D:4      | Reached XP level 6. HP: 36/41 MP: 6/6
  1943 | D:4      | Noticed a phantom
  1964 | D:4      | Killed a phantom
  2378 | D:4      | Reached skill level 5 in Long Blades
  2457 | D:4      | Reached XP level 7. HP: 44/45 MP: 7/7
  2561 | D:4      | Noticed Grinder
  2568 | D:4      | Found a white marble altar of Elyvilon.
  2588 | D:4      | Killed Grinder
  2588 | D:4      | Reached skill level 5 in Armour
  2922 | D:4      | Reached XP level 8. HP: 51/51 MP: 8/8
  2997 | D:4      | Found a bloodstained altar of Trog.
  2998 | D:4      | Found a radiant altar of Vehumet.
  3274 | D:5      | Entered Level 5 of the Dungeon
  3325 | D:5      | Reached **** piety under Trog
  3353 | D:5      | Found a blossoming altar of Fedhas.
  3466 | D:5      | Found Gatwuxegis's Distillery.
  3469 | D:5      | Bought 2 potions of might for 96 gold pieces
  3469 | D:5      | Bought a potion of curing for 36 gold pieces
  3730 | D:5      | Reached skill level 5 in Shields
  3932 | D:5      | Found a staircase to the Ecumenical Temple.
  4101 | D:5      | Got a slimy plate armour
  4112 | D:5      | Identified the +6 plate armour "Xegom" {Str+5} (You found it on level 5 of the Dungeon)
  4200 | D:6      | Found Timuew's Food Boutique.
  4464 | D:6      | Reached XP level 9. HP: 39/55 MP: 9/9
  4762 | D:6      | You fall through a shaft!
  4762 | D:7      | Noticed Menkaure
  4790 | D:7      | Killed Menkaure
  5070 | D:7      | Found a sand-covered staircase.
  5081 | Ossuary  | Entered an ossuary
  5551 | D:8      | Noticed Prince Ribbit
  5553 | D:8      | Found a staircase to the Lair.
  5568 | D:8      | Reached ***** piety under Trog
  5969 | D:8      | Found Borebbed's Magic Scroll Shop.
  5989 | D:8      | Noticed a hippogriff
  6001 | D:8      | Killed a hippogriff
  6001 | D:8      | Reached XP level 10. HP: 61/61 MP: 10/10
  6085 | D:8      | Found Imiyrip's Magic Scroll Shop.
  6147 | D:8      | Found a flagged portal.
  6172 | Bailey   | Entered a bailey
  6662 | Bailey   | Received a gift from Trog
  6665 | Bailey   | Got a shimmering scimitar {god gift}
  6666 | Bailey   | Identified the +3 scimitar of the Revolution {freeze, Str+4} (Trog gifted it to you in a bailey)
  6835 | Bailey   | Reached skill level 5 in Dodging
  7030 | D:8      | Killed Prince Ribbit
  7090 | D:8      | Got an ichor-stained dagger
  7091 | D:8      | Identified the +3 dagger "Nedoa" {freeze, +Inv rC+} (You found it on level 8 of the Dungeon)
  7236 | D:8      | Bought a scroll of teleportation for 42 gold pieces
  7496 | D:9      | Reached XP level 11. HP: 66/66 MP: 11/11
  7538 | D:9      | Noticed Psyche
  7596 | D:9      | Killed Psyche
  7596 | D:9      | Reached skill level 10 in Armour
  7901 | D:9      | Noticed Erolcha
  7912 | D:9      | Killed Erolcha
  8319 | D:9      | Noticed Grum
  8336 | D:9      | Killed Grum
  8932 | D:10     | Entered Level 10 of the Dungeon
  8956 | D:10     | Found a sacrificial altar of Ru.
  8996 | D:10     | Reached skill level 5 in Fighting
  9124 | D:10     | Found a portal to a secret trove of treasure.
  9753 | Lair:1   | Entered Level 1 of the Lair of Beasts
  9860 | Lair:1   | Reached XP level 12. HP: 62/81 MP: 12/12
 10130 | Lair:1   | Reached skill level 10 in Long Blades
 10291 | Lair:1   | Reached skill level 10 in Shields
 10973 | Lair:2   | Noticed Urug
 10983 | Lair:2   | Killed Urug
 12097 | Lair:3   | Received a gift from Trog
 12097 | Lair:3   | Reached XP level 13. HP: 88/88 MP: 13/13
 12173 | Lair:3   | Found a hole to the Spider Nest.
 12700 | Lair:4   | Noticed Snorg
 12719 | Lair:4   | Killed Snorg
 12764 | Lair:4   | Noticed a seven-headed hydra
 12779 | Lair:4   | Killed a seven-headed hydra
 13021 | Lair:4   | Noticed Rupert
 13045 | Lair:4   | HP: 2/132 [Rupert/great mace of draining (28)]
 13062 | Lair:4   | Killed Rupert
 13515 | Lair:4   | Found a staircase to the Shoals.
 13819 | Lair:5   | Reached XP level 14. HP: 82/94 MP: 14/14
 13824 | Lair:5   | Reached skill level 10 in Dodging
 13902 | Lair:5   | Found a staircase to the Slime Pits.
 13903 | Lair:5   | Found a viscous altar of Jiyva.
 14298 | Lair:5   | Identified a scroll of acquirement
 14301 | Lair:5   | Got a vibrating zirconium amulet
 14302 | Lair:5   | Identified the amulet "Ododir" {Gourm Int+4} (You acquired it on level 5 of the Lair of Beasts)
 14589 | Lair:5   | Gained mutation: You have a somewhat thin skeletal structure. (Dex +2, Stealth) [potion of mutation]
 14622 | Lair:6   | Entered Level 6 of the Lair of Beasts
 15187 | Lair:6   | Received a gift from Trog
 15643 | Lair:6   | Reached XP level 15. HP: 99/99 MP: 15/15
 15716 | Lair:6   | Reached XP level 16. HP: 105/105 MP: 16/16
 16472 | D:11     | Found a radiant altar of Vehumet.
 16845 | D:12     | Received a gift from Trog
 16872 | D:12     | Found a staircase to the Orcish Mines.
 16929 | Orc:1    | Entered Level 1 of the Orcish Mines
 17087 | Orc:2    | Entered Level 2 of the Orcish Mines
 17097 | Orc:2    | Received a gift from Trog
 17107 | Orc:2    | Reached ****** piety under Trog
 17471 | Orc:2    | Reached skill level 10 in Fighting
 17540 | Orc:2    | Received a gift from Trog
 17553 | Orc:2    | Noticed Saint Roka
 17863 | Orc:2    | Killed Saint Roka
 18058 | Orc:2    | Found Voph's Antique Armour Boutique.
 18059 | Orc:2    | Found a roughly hewn altar of Beogh.
 18062 | Orc:2    | Found Jeceritula's Antique Weapon Shop.
 18153 | Orc:2    | Found a bloodstained altar of Trog.
 18201 | Orc:2    | Found a roughly hewn altar of Beogh.
 18240 | Orc:2    | Found a roughly hewn altar of Beogh.
 18265 | Orc:2    | Found Lygi Roost's Jewellery Shop.
 18298 | Orc:2    | Found Qudetur's Book Boutique.
 18326 | Orc:2    | Found a staircase to the Elven Halls.
 18414 | Orc:2    | Received a gift from Trog
 18437 | Orc:2    | Found a roughly hewn altar of Beogh.
 18464 | Orc:2    | Found Garhicw's Food Shop.
 18544 | Orc:2    | Found a roughly hewn altar of Beogh.
 18678 | Orc:2    | Bought a glowing cloak for 325 gold pieces
 18678 | Orc:2    | Bought a glowing helmet for 325 gold pieces
 18914 | Orc:1    | Received a gift from Trog
 20209 | D:13     | Received a gift from Trog
 20391 | D:14     | Found a large runed door.
 20391 | D:14     | Found a large runed door.
 20651 | D:14     | Found a gate to the Vaults.
 20818 | D:14     | Found a glowing golden altar of the Shining One.
 20889 | D:14     | Found an iron altar of Okawaru.
 20889 | D:14     | Found an iron altar of Okawaru.
 20894 | D:14     | Reached XP level 17. HP: 106/115 MP: 17/17
 20994 | D:14     | Noticed Nessos
 21001 | D:14     | Killed Nessos
 21056 | D:15     | Entered Level 15 of the Dungeon
 21212 | D:15     | Received a gift from Trog
 21498 | D:15     | Found Osuajix's Armour Shoppe.
 21530 | D:15     | Found a shimmering altar of Xom.
 21588 | D:15     | Found Asikesuc's Armour Shop.
 21713 | D:15     | Found Ranecoh's Distillery.
 21735 | D:15     | Bought a potion of resistance for 160 gold pieces
 21735 | D:15     | Bought a potion of heal wounds for 80 gold pieces
 21737 | D:15     | Found Jatyb's Antique Weapon Emporium.
 21982 | D:15     | Received a gift from Trog
 22085 | D:15     | Found a staircase to the Depths.
 22093 | Depths:1 | Entered Level 1 of the Depths
 22093 | Depths:1 | Found a one-way gate to the infinite horrors of the Abyss.
 22492 | Depths:1 | HP: 3/115 [frost giant/bolt of cold (37)]
 22919 | Spider:1 | Entered Level 1 of the Spider Nest
 23414 | Spider:1 | Reached skill level 10 in Slings
 23556 | Spider:1 | Received a gift from Trog
 24100 | Spider:1 | HP: 5/115 [entropy weaver (9)]
 24100 | Spider:1 | Slain by an entropy weaver

Vault maps used:
D:1:      grunt_arrival_lava_bath, minmay_quantized
D:2:      overflow_temple_1_default, marbit_many_paths, minmay_misc_feat_roman,
          nemelex_spade_bored_becter
D:3:      uniq_jessica
D:4:      kennysheep_little_box, nicolae_overflow_hidden_temple, uniq_grinder
D:5:      first_bread, serial_shops, kennysheep_mini_moat, solitary_fountain,
          fedhas_bush_and_centaur_altar
D:6:      serial_shops, nicolae_shop_stone, kennysheep_nub, uniq_pikel
D:7:      gup_ossuary_entry_pyramid, uniq_menkaure
D:8:      dpeg_oklobed_lair, serial_shops, shop, nicolae_shop_statue_plus,
          enter_bailey_8, uniq_prince_ribbit1
D:9:      uniq_psyche, uniq_grum, uniq_erolcha
D:10:     enter_trove_6, nicolae_ru_awakened_eye
D:11:     basic_altar
D:12:     hiddenorc2_lemuel, hangedman_little_slice_of_home
D:13:     serial_bayou_pond_c, minmay_tree_intersection
D:14:     okawaru_arena_lexackson, grunt_vaults_entry_tiered,
          nicolae_tso_swordbearing_angel, uniq_nessos
D:15:     gammafunk_enter_depths_forms, serial_bayou_pond_e, serial_shops,
          nicolae_shop_trees, nicolae_shop_crystal, shop, shop, basic_altar
Lair:1:   beast_lair_carwin_large_3, serial_bayou_lagoon_b
Lair:2:   serial_bayou_lake_a, uniq_urug
Lair:3:   nicolae_spider_entry_tight_spaces
Lair:4:   elwin_shoals_entry_stream, lemuel_fruit_fields, uniq_snorg,
          uniq_rupert
Lair:5:   slime_altar_1, serial_bayou_shore_a, grunt_megastairs_4,
          lemuel_fruit_fields
Lair:6:   minmay_lair_end_enchanted_forest
Orc:1:    roderic_batcave, mines3_lemuel
Orc:2:    grunt_orc_community_town_hall, grunt_orc_community_big_house_2,
          grunt_orc_community_big_house_2, grunt_orc_community_house_3,
          grunt_orc_community_house_2, grunt_orc_community_house_2,
          grunt_orc_community_house_1, grunt_orc_community_house_2,
          grunt_orc_community_house_1, basic_altar, serial_shops,
          nicolae_shop_behind_doors
Depths:1: abyss_entry, grunt_hell_entry_dis_old, hangedman_decor_riveting,
          hangedman_corner_corridor
Ossuary:  ossuary_crypta
Bailey:   bailey_polearm_flooded_kennysheep, bailey

Skill      XL: |  1  2  3  4  5  6  7  8  9 10 11 12 13 14 15 16 17 |
---------------+----------------------------------------------------+-----
Shields        | 1 2 3 4 6 7 9 10 11 13 14 | 14.5
Armour         | 3 4 5 6 8 9 10 11 12 13 14 | 14.9
Long Blades    | 4 5 6 8 9 10 11 12 13 14 | 14.1
Dodging        | 3 5 6 8 9 11 12 13 | 13.0
Fighting       | 7 8 10 | 10.0
Slings         | 9 12 | 12.1

Action                   |  1- 3 |  4- 6 |  7- 9 | 10-12 | 13-15 | 16-18 || total
-------------------------+-------+-------+-------+-------+-------+-------++-------
Melee: Falchion          |   101 |   225 |   172 |       |       |       ||   498
       Long sword        |       |       |   330 |       |       |    54 ||   384
       Dagger            |       |       |    22 |   171 |    27 |   245 ||   465
       Scimitar          |       |       |       |   584 |   689 |  1324 ||  2597
 Fire: Fustibalus        |       |       |       |       |       |    10 ||    10
Invok: Berserk           |       |     3 |    11 |     4 |    11 |     6 ||    35
       Burn Spellbooks   |       |       |     1 |       |     1 |     1 ||     3
       Trog's Hand       |       |       |       |     4 |     6 |    20 ||    30
       Brothers in Arms  |       |       |       |     1 |     1 |     9 ||    11
Evoke: Wand              |       |       |       |    14 |       |     2 ||    16
       Lightning rod     |       |       |       |       |     4 |     5 ||     9
  Use: Scroll            |       |       |     6 |    12 |     9 |     4 ||    31
       Potion            |       |       |     2 |     2 |     8 |     6 ||    18
  Eat: Chunk             |       |     8 |    12 |    26 |    25 |    32 ||   103
       Bread ration      |       |       |     2 |       |       |     1 ||     3
       Fruit             |       |       |       |     2 |       |     9 ||    11
       Royal jelly       |       |       |       |       |       |     3 ||     3
Armor: Animal skin       |     3 |       |       |       |       |       ||     3
       Chain mail        |    51 |    89 |       |       |       |       ||   140
       Plate armour      |       |    39 |   197 |   200 |   155 |   349 ||   940
       Skin              |       |       |       |       |     2 |       ||     2
Dodge: Dodged            |    60 |    62 |   119 |   190 |   247 |   570 ||  1248
Block: Shield            |    38 |   116 |   332 |   644 |   669 |  1488 ||  3287
       Reflection        |       |       |     8 |    43 |     1 |    54 ||   106
       Rpst.: Falchion   |    23 |    23 |    11 |       |       |       ||    57
       Long sword        |       |       |    20 |       |       |     5 ||    25
       Scimitar          |       |       |       |    48 |    57 |   101 ||   206
